 Dungeon Crawl Stone Soup version 0.30-a0-851-gbd0d260d8e (webtiles) character file.

Game seed: 5883575685424878862

9163 IndexError the Skirmisher (level 11, -31/66 HPs)
             Began as a Gargoyle Hunter on Mar 4, 2023.
             Was an Elder of Hepliaklqana.
             Killed from afar by an ice dragon (51 damage)
             ... with a blast of cold
             ... on level 10 of the Dungeon.
             The game lasted 00:25:52 (8818 turns).

IndexError the Skirmisher (Gargoyle Hunter)         Turns: 8818, Time: 00:25:53

Health: -31/66     AC: 14    Str: 18    XL:     11   Next: 42%
Magic:  11/11      EV: 17    Int: 12    God:    Hepliaklqana [****..]
Gold:   535        SH:  0    Dex: 25    Spells: 10/10 levels left

rFire   . . .      SeeInvis .    b - +8 dagger of Cojafini {elec, rF- rN+ Str+2 Dex+5}
rCold   . . .      Faith    .    (no shield)
rNeg    + + .      Spirit   .    l - +0 leather armour of Precision Catastrophes {Int+3 Dex+3}
rPois   ∞          Reflect  .    (no helmet)
rElec   +          Rampage  .    n - +2 cloak
rCorr   .                        (no gloves)
Will    .....                    (no boots)
Stlth   ++                       w - amulet of regeneration {+regen, !d}
HPRegen 1.11/turn                q - +5 ring of evasion
MPRegen 0.12/turn                e - ring of protection from fire {rF+, !d}

@: studying Poison Magic
A: reduced essence, sickness immunity, AC +8, negative energy resistance 1,
electricity resistance, torment resistance 1, petrification resistance
a: Renounce Religion, Recall Ancestor, Ancestor Identity, Transference, Idealise


You were on level 10 of the Dungeon.
You worshipped Hepliaklqana.
Hepliaklqana was greatly pleased with you.
You visited 2 branches of the dungeon, and saw 11 of its levels.

You collected 535 gold pieces.

Inventory:

Hand Weapons
 a - a +3 shortbow of freezing
 b - the +8 dagger of Cojafini (weapon) {elec, rF- rN+ Str+2 Dex+5}
   (You took it off a kobold on level 4 of the Dungeon)

   Str:       It affects your strength (+2).
   Dex:       It affects your dexterity (+5).
   rF:        It makes you vulnerable to fire.
   rN:        It protects you from negative energy.
Missiles
 k - 4 javelins
Armour
 l - the +0 leather armour of Precision Catastrophes (worn) {Int+3 Dex+3}
   (You found it on level 2 of the Dungeon)

   Int:       It affects your intelligence (+3).
   Dex:       It affects your dexterity (+3).
 n - a +2 cloak (worn)
   (You found it on level 2 of the Dungeon)
Magical Staves
 E - a staff of poison {rPois}
   (You found it on level 9 of the Dungeon)
Jewellery
 e - a ring of protection from fire (right hand) {rF+, !d}
   (You found it on level 6 of the Dungeon)
 q - a +5 ring of evasion (left hand)
   (You found it on level 2 of the Dungeon)
 w - an amulet of regeneration (around neck) {+regen, !d}
   (You found it on level 4 of the Dungeon)
 C - a +6 ring of strength
   (You found it on level 5 of the Dungeon)
Wands
 x - a wand of flame (35)
   (You found it on level 4 of the Dungeon)
 y - a wand of mindburst (16)
   (You found it on level 7 of the Dungeon)
Scrolls
 g - 6 scrolls of identify
 i - a scroll of silence
 j - 4 scrolls of fear
 p - 5 scrolls of teleportation
 r - 3 scrolls of magic mapping {!r}
 s - a scroll of fog
 u - a scroll of blinking {!r}
 v - a scroll of immolation {!r}
 A - a scroll of enchant weapon
 F - a scroll of poison {unknown}
Potions
 c - 2 potions of haste
 d - 8 potions of curing
 f - 3 potions of might
 h - 2 potions of lignification {!q}
 m - 2 potions of flight {unknown}
 o - 4 potions of brilliance
 t - a potion of heal wounds
 z - 2 potions of attraction {!q}
 B - a potion of resistance
 D - 2 potions of mutation {!q}


   Skills:
 + Level 11.3 Fighting
 * Level 14.7 Ranged Weapons
 - Level 1.5 Dodging
 - Level 1.1 Stealth


You had 10 spell levels left.
You didn't know any spells.
Your spell library contained the following spells:

 Spells                   Type           Power      Damage    Failure   Level
 Sandblast                Erth           0%         2d4       36%         1
 Slow                     Hex            0%         N/A       36%         1
 Ensorcelled Hibernation  Hex/Ice        0%         N/A       52%         2
 Passwall                 Tmut/Erth      0%         N/A       52%         2
 Confusing Touch          Hex            0%         N/A       75%         3
 Dazzling Flash           Conj/Hex       0%         N/A       75%         3
 Stone Arrow              Conj/Erth      0%         3d7       75%         3
 Summon Guardian Golem    Hex/Summ       0%         N/A       75%         3
 Swiftness                Air            0%         N/A       75%         3
 Vampiric Draining        Necr           0%         2d6       75%         3
 Agony                    Necr           0%         N/A       100%        5
 Silence                  Hex/Air        0%         N/A       100%        5
 Orb of Destruction       Conj           0%         9d5       100%        7
 Spellforged Servitor     Conj/Summ      0%         N/A       100%        7


Dungeon Overview and Level Annotations

Branches:
Dungeon (10/15)            Temple (1/1) D:7            Lair (0/5) D:8
    Orc (0/2) D:9

Altars:
Ashenzari
Cheibriados
Dithmenos
Elyvilon
Fedhas
Gozag
Hepliaklqana
Kikubaaqudgha
Makhleb
Nemelex Xobeh
Okawaru
Qazlal
Ru
Sif Muna
Trog
Uskayaw
Vehumet
Wu Jian
Xom
Yredelemnul
Zin
The Shining One

Shops:
D:7 [   D:8 !

Annotations:
D:3 3 runed translucent doors, What's ghost, amateur OpBr
D:7 1 runed translucent door, glosham's ghost, novice MeAE
D:8 3 runed translucent doors, bezhaha's ghost, novice OgWr
D:10 Fannar


Innate Abilities, Weirdness & Mutations

Your life essence is reduced to manifest your ancestor. (-10% HP)
You are immune to sickness and miasma.
Your stone body is resilient. (AC +8)
You are immune to poison.
You resist negative energy. (rN+)
You are resistant to electric shocks. (rElec)
You are resistant to unholy torment.
You are immune to petrification.


Message History

The arrow hits the unseen horror simulacrum but does no damage.
You hear an angry hiss.
The unseen horror simulacrum attacks as you move away!
The unseen horror simulacrum hits you but does no damage.
The unseen horror simulacrum completely misses you.
Impisi barely misses the unseen horror simulacrum.
The unseen horror simulacrum closely misses you.
You shoot an arrow.
The arrow hits the unseen horror simulacrum!
The unseen horror simulacrum closely misses you.
The unseen horror simulacrum hits you but does no damage.
Impisi hits the unseen horror simulacrum with a +0 flail!
You shoot an arrow.
The arrow hits the polar bear but does no damage.
You shoot an arrow. The arrow barely misses the polar bear.
You hear an angry hiss.
A rime drake comes into view.
The polar bear is engulfed in freezing vapours.
The polar bear bites you. The polar bear closely misses you.
The polar bear claws you but does no damage.
Impisi hits the polar bear but does no damage.
You take 2 damage, and have 64/66 hp.
You shoot an arrow. The arrow hits the polar bear.
The polar bear is engulfed in freezing vapours.
The polar bear misses you. The polar bear claws you.
The polar bear completely misses you.
You take 2 damage, and have 62/66 hp.
You shoot an arrow. The arrow hits the polar bear!
Impisi hits the polar bear with a +0 flail!
The polar bear bites you but does no damage.
The polar bear misses you. x2
You shoot an arrow.
The arrow hits the polar bear but does no damage.
You shoot an arrow. The arrow hits the polar bear.
The polar bear goes berserk!
Impisi hits the polar bear but does no damage.
You shoot an arrow.
The arrow hits the polar bear but does no damage.
The polar bear bites you!
The polar bear claws you but does no damage.
The polar bear misses you.
You take 7 damage, and have 58/66 hp.
You shoot an arrow.
The arrow hits the polar bear but does no damage.
You hear a deafening roar!
The polar bear misses you. The polar bear barely misses you.
The polar bear claws you but does no damage.
Impisi hits the polar bear with a +0 flail.
The polar bear bites Impisi!
The polar bear claws Impisi.
The polar bear barely misses Impisi.
You shoot an arrow. The arrow hits the polar bear!
The arrow freezes the polar bear.
Impisi hits the rime drake with a +0 flail.
You shoot an arrow. The arrow hits the rime drake!
The arrow freezes the rime drake.
The rime drake misses you.
You shoot an arrow. The arrow hits the rime drake.
The rime drake breathes ice at you. The icy flash freeze hits you!!
You are encased in ice.
Impisi hits the rime drake with a +0 flail!
The rime drake closely misses you.
You hear a deafening roar!
You take 19 damage, and have 42/66 hp.
MASSIVE DAMAGE!!
You shoot an arrow. The arrow hits the rime drake!
The arrow freezes the rime drake.
You shoot an arrow.
The arrow hits the polar bear but does no damage.
Impisi barely misses the polar bear.
Your +3 shortbow of freezing stops glowing.
You feel stronger.
You feel agile.
You hear the crackle of electricity.
b - the +8 dagger of Cojafini (weapon)
{elec, rF- rN+ Str+2 Dex+5} You puncture the polar bear!
An ice dragon comes into view.
The polar bear completely misses you. The polar bear closely misses you.
The polar bear barely misses you.
Impisi hits the polar bear but does no damage.
You hit the polar bear but do no damage.
The ice encasing you melts away. The polar bear bites you.
The polar bear closely misses you. The polar bear barely misses you.
You hit the polar bear.
Lightning courses through the polar bear!
The polar bear barely misses you. x2
The polar bear claws you but does no damage.
Impisi hits the polar bear with a +0 flail.
You hit the polar bear. The polar bear closely misses you. x2
The polar bear barely misses you.
Impisi hits the polar bear with a +0 flail!
You regained 2 hp, and now have 49/66 hp.
Impisi hits the ice dragon with a +0 flail.
The ice dragon breathes frost at you. The blast of cold hits you!!
Ouch! That really hurt!
* * * LOW HITPOINT WARNING * * *
Impisi hits the ice dragon with a +0 flail.
You take 33 damage, and have 18/66 hp.
MASSIVE DAMAGE!!
The ice dragon breathes frost at you. The blast of cold hits you!!!
Ouch! That really hurt!
You die...

######..######..#######..#
........######...........#
#.###....................#
######...............#
#..###########..# ##..#
#..# #...###########..#
#.R.D............#
#†######@........#
:..h⌠...# #..#####..#
#.#...### #..#####..#
#..#########.........#
#..###................
...###.................
..###.......#########..
.###...................
#...................


You could see the friendly Impisi the knight and an ice dragon (catching breath,
ally target).

Vanquished Creatures
  2 two-headed ogres (D:9)
  A rime drake (D:10)
  A polar bear (D:10)
  A troll (D:9)
  A wyvern (D:9)
  14 yaks
  A wraith (D:9)
  2 wargs (D:8)
  2 water moccasins
  4 orc warriors
  5 ice beasts
  A black bear (D:8)
  An ogre (D:5)
  2 centaurs
  2 kobold brigands
  3 bullfrogs
  3 scorpions
  5 wights
  13 killer bees
  A howler monkey (D:9)
  5 hounds
  3 orc priests
  3 jellies
  A gnoll bouda (D:5)
  2 iguanas
  A sleepcap (D:5)
  8 orc wizards
  A mummy (D:7)
  4 gnolls (D:5)
  12 adders
  A shadow imp (D:5)
  3 white imps
  2 ufetubi
  2 dart slugs
  23 orcs
  7 ball pythons
  7 bats
  5 endoplasms
  5 giant cockroaches
  3 goblins
  8 hobgoblins
  3 jackals (D:2)
  3 quokkas
  4 frilled lizards
  23 kobolds
  5 rats
  A butterfly (D:7)
210 creatures vanquished.

Vanquished Creatures (collateral kills)
  A polar bear (D:10)
  2 yaks (D:9)
  An unseen horror simulacrum (D:10)
  An orc warrior (D:8)
  2 ice beasts
  3 wights
  An orc priest (D:8)
  A sleepcap (D:8)
  An orc wizard (D:8)
  An adder (D:6)
  An orc (D:8)
  2 kobolds (D:8)
17 creatures vanquished.

Vanquished Creatures (others)
  4 knights
  2 ancestors
  2 withered plants (D:7)
8 creatures vanquished.

Grand Total: 235 creatures vanquished

Notes
Turn   | Place    | Note
-------+----------+-------------------------------------------
     0 | D:1      | IndexError the Gargoyle Hunter began the quest for the Orb.
     0 | D:1      | Reached XP level 1. HP: 12/12 MP: 1/1
    71 | D:1      | Reached XP level 2. HP: 14/18 MP: 2/2
   491 | D:1      | Found a faded altar of an unknown god.
   540 | D:1      | Reached XP level 3. HP: 22/22 MP: 3/3
  1405 | D:2      | Identified the +0 leather armour of Precision Catastrophes
                  | {Int+3 Dex+3}
  1441 | D:2      | Reached skill level 3 in Fighting
  1727 | D:2      | Reached skill level 5 in Ranged Weapons
  1757 | D:2      | Reached XP level 4. HP: 23/28 MP: 4/4
  2688 | D:3      | Found a runed translucent gate.
  2707 | D:3      | Found a runed translucent gate.
  2708 | D:3      | Found a runed translucent gate.
  2710 | D:3      | Noticed What's ghost (amateur OpBr)
  2775 | D:3      | Found a shimmering blue altar of Sif Muna.
  2865 | D:3      | Reached XP level 5. HP: 32/32 MP: 5/5
  2884 | D:3      | Found a hazy altar of Hepliaklqana.
  2890 | D:3      | Became a worshipper of Hepliaklqana the Forgotten
  3469 | D:4      | Identified the +8 dagger of Cojafini {elec, rF- rN+ Str+2
                  | Dex+5}
  3701 | D:4      | Reached * piety under Hepliaklqana
  3779 | D:4      | Reached skill level 4 in Fighting
  3779 | D:4      | Reached skill level 6 in Ranged Weapons
  3904 | D:4      | Reached XP level 6. HP: 34/34 MP: 6/6
  3926 | D:5      | Entered Level 5 of the Dungeon
  4070 | D:5      | You fall into a shaft and drop 3 floors!
  4072 | D:8      | Noticed an orc warrior
  4097 | D:8      | Found a runed translucent gate.
  4097 | D:8      | Found a runed translucent gate.
  4097 | D:8      | Found a runed translucent gate.
  4098 | D:8      | Noticed bezhaha's ghost (novice OgWr)
  4124 | D:7      | Noticed an orc warrior
  4175 | D:7      | Found a snail-covered altar of Cheibriados.
  4216 | D:7      | Reached skill level 7 in Ranged Weapons
  4216 | D:7      | Reached XP level 7. HP: 39/39 MP: 7/7
  4224 | D:7      | Reached skill level 5 in Fighting
  4404 | D:7      | Found Fokergh's Armour Boutique.
  4416 | D:7      | Reached skill level 8 in Ranged Weapons
  4424 | D:7      | Reached XP level 8. HP: 38/45 MP: 8/8
  4428 | D:7      | Reached skill level 6 in Fighting
  4578 | D:7      | Found a runed translucent door.
  4578 | D:7      | Noticed glosham's ghost (novice MeAE)
  4711 | D:7      | Found a staircase to the Ecumenical Temple.
  4735 | D:6      | Reached ** piety under Hepliaklqana
  4741 | D:6      | Reached skill level 9 in Ranged Weapons
  4928 | D:5      | HP: 10/46 [ice beast (10)]
  4952 | D:5      | HP: 11/46 [gnoll bouda/+0 whip (6)]
  5018 | D:5      | Reached skill level 7 in Fighting
  5105 | D:5      | Reached skill level 10 in Ranged Weapons
  5105 | D:5      | Reached XP level 9. HP: 51/51 MP: 9/9
  5566 | D:5      | Remembered your ancestor Impisi as a knight
  6253 | D:6      | Found a large runed translucent door.
  6254 | D:6      | Found a large runed translucent door.
  6361 | D:6      | Found a sparkling altar of Nemelex Xobeh.
  6373 | D:6      | Found a burning altar of Makhleb.
  6417 | D:7      | Reached skill level 8 in Fighting
  6440 | D:7      | Reached skill level 11 in Ranged Weapons
  6484 | D:7      | Found a sacrificial altar of Ru.
  6501 | Temple   | Entered the Ecumenical Temple
  6720 | D:7      | Found a stormy altar of Qazlal.
  6787 | D:7      | Found a blossoming altar of Fedhas.
  6997 | D:8      | Found a shadowy altar of Dithmenos.
  7021 | D:8      | Found a staircase to the Lair.
  7084 | D:8      | Found Iqusair's Distillery.
  7163 | D:8      | Found a glowing golden altar of the Shining One.
  7239 | D:8      | Reached XP level 10. HP: 42/58 MP: 10/10
  7243 | D:8      | Reached skill level 9 in Fighting
  7243 | D:8      | Reached skill level 12 in Ranged Weapons
  7279 | D:8      | Reached *** piety under Hepliaklqana
  7769 | D:9      | Noticed a two-headed ogre
  7778 | D:9      | Killed a two-headed ogre
  7779 | D:9      | Reached skill level 10 in Fighting
  7779 | D:9      | Reached skill level 13 in Ranged Weapons
  8036 | D:9      | Reached XP level 11. HP: 65/65 MP: 11/11
  8159 | D:9      | Reached skill level 14 in Ranged Weapons
  8206 | D:9      | Noticed a two-headed ogre
  8216 | D:9      | Killed a two-headed ogre
  8227 | D:9      | Reached skill level 11 in Fighting
  8348 | D:9      | Found a staircase to the Orcish Mines.
  8509 | D:10     | Entered Level 10 of the Dungeon
  8538 | D:10     | Noticed Fannar
  8657 | D:10     | Reached **** piety under Hepliaklqana
  8809 | D:10     | Noticed an ice dragon
  8818 | D:10     | Killed from afar by an ice dragon

Illustrated notes

Levels and vault maps discovered:
D:1:      lightli_arrival_statuegarden, layout_basic,
          shapermc_ecumenical_altar_ellora, roderic_lattice_a,
          grunt_decor_one_mirror
D:2:      mumra_celtic_spiral_tile, layout_basic, minmay_misc_feat_five,
          interstate_on_off, chequers_serial_rivers_micro_d
D:3:      layout_basic, mainiacjoe_overflow_six_doors_small,
          mainiacjoe_overflow_brackets, gammafunk_ghost_necromancy,
          minmay_cupped
D:4:      layout_basic
D:5:      layout_cave_pools, minivault_1, minmay_joined_circles
D:6:      layout_basic, jmf_multi_god_temple2, grunt_ministairs_12
D:7:      layout_loops_ring, nicolae_ru_path_of_blood, grunt_qazlal_sundering,
          fedhas_altar_fruit_tree, slow_altar_2,
          minmay_temple_entry_butterflies, gammafunk_ghost_grave, serial_shops,
          nicolae_diamond_shop
D:8:      layout_cave_pools, mainiacjoe_overflow_chevrons, lemuel_crystal_altar,
          erik_lair_orcish_takeover, ebering_ghost_rock_garden, serial_shops,
          nicolae_shop_hallway_plus, minmay_manual_mess
D:9:      layout_irregular_city, orc_0_dummy, hex_large
D:10:     minmay_coctagon, layout_long_grid, minivault_11, grunt_ogre_cave,
          hangedman_weighted_door, uniq_fannar, uniq_maggie
Temple:   hellmonk_temple_forest_ring

Skill      XL: |  1  2  3  4  5  6  7  8  9 10 11 |
---------------+----------------------------------+-----
Fighting       | 3 4 5 7 8 10 11 | 11.3
Ranged Weapons | 5 6 7 8 10 11 13 14 | 14.7
Dodging        | |  1.5
Stealth        | |  1.1

Action                     |  1- 3 |  4- 6 |  7- 9 | 10-12 || total
---------------------------+-------+-------+-------+-------++-------
  Melee: Dagger            |       |    15 |   150 |    80 ||   245
         Punch             |       |       |     3 |     1 ||     4
   Fire: Shortbow          |   155 |   115 |   157 |   151 ||   578
 Invoke: Recall Ancestor   |       |       |     1 |     3 ||     4
         Ancestor Life: Kn |       |       |     1 |       ||     1
    Use: Scroll            |       |       |    23 |       ||    23
         Potion            |       |       |     1 |       ||     1
   Stab: Distracted        |       |       |       |     1 ||     1
 Armour: Leather armour    |    40 |    15 |    38 |    40 ||   133
  Dodge: Dodged            |    56 |    79 |   167 |   127 ||   429

Table legend: (Time is in decaauts)
 A = Elapsed time spent in this place.
 B = Non-inter-level travel time spent in this place.
 C = Inter-level travel time spent in this place.
 D = Time resting spent in this place.
 E = Time spent auto-exploring this place.
 F = Levels seen in this place.
 G = Mean time per level.
                   A        B        C        D        E       F      G
               +--------+--------+--------+--------+--------+-----+--------+
         Total |   8837 |   8074 |    763 |      0 |   6029 |  11 |  803.4 |
       Dungeon |   8683 |   7930 |    753 |      0 |   5896 |  10 |  868.3 |
        Temple |    153 |    143 |     10 |      0 |    133 |   1 |  153.0 |
               +--------+--------+--------+--------+--------+-----+--------+

Top non-repeatable levels by time:
     D:1: 1323 daAuts
     D:2: 1301 daAuts
     D:7: 1021 daAuts
     D:6: 879 daAuts
     D:9: 856 daAuts
     D:5: 848 daAuts
     D:8: 794 daAuts
     D:4: 738 daAuts
     D:3: 714 daAuts
    D:10: 207 daAuts
  Temple: 153 daAuts

Table legend:
 A = Kills in this place as a percentage of kills in the entire game.
 B = Kills by you in this place as a percentage of kills by you in the entire game.
 C = Kills by friends in this place as a percentage of kills by friends in the entire game.
 D = Other kills in this place as a percentage of other kills in the entire game.
 E = Experience gained in this place as a percentage of experience gained in the entire game.
 F = Experience gained in this place divided by the number of levels of this place that you have seen.
                   A       B       C       D       E      F
               +-------+-------+-------+-------+-------+----------------------
         Total | 100.0 | 100.0 | 100.0 |   N/A | 100.0 | 1190.1
       Dungeon | 100.0 | 100.0 | 100.0 |   N/A | 100.0 | 1309.1
               +-------+-------+-------+-------+-------+----------------------
